 Dungeon Crawl Stone Soup version 0.20.1 (console) character file.

160 bli the Chopper (level 5, 0/47 HPs)
             Began as a Hill Orc Monk on July 2, 2017.
             Slain by an orc wizard
             ... wielding a +1 dagger of flaming
              (4 damage)
             ... on level 3 of the Dungeon.
             The game lasted 00:05:54 (1754 turns).

bli the Chopper (Hill Orc Monk)                     Turns: 1754, Time: 00:05:55

Health: 0/47       AC:  4    Str: 14    XL:     5   Next: 41%
Magic:  5/5        EV: 18    Int: 15    God:
Gold:   187        SH:  0    Dex: 19    Spells: 4/4 levels left

rFire    . . .     SeeInvis .   a - +0 hand axe
rCold    . . .     Gourm    .   (no shield)
rNeg     . . .     Faith    .   i - +0 leather armour
rPois    .         Spirit   .   (no helmet)
rElec    .         Reflect  .   (no cloak)
rCorr    .         Harm     .   (no gloves)
MR       .....                  m - +0 pair of boots
Stlth    +++.......             (no amulet)
Regen    0.2/turn               (no ring)
MPRegen  0.1/turn               (no ring)

@: brilliant, agile
A: no striking features
a: no special abilities


You were on level 3 of the Dungeon.
You were not hungry.

You visited 1 branch of the dungeon, and saw 3 of its levels.

You collected 187 gold pieces.

Inventory:

Hand Weapons
 a - a +0 hand axe (weapon)
Missiles
 g - 131 stones (quivered)
Armour
 b - a +0 robe
 i - a +0 leather armour (worn)
 m - a +0 pair of boots (worn)
 p - a +0 scale mail
Scrolls
 e - a scroll of fear {unknown}
 f - a scroll of magic mapping {unknown}
 h - 4 scrolls of remove curse {unknown}
 j - a scroll of identify {unknown}
 n - 3 scrolls of enchant armour {unknown}
Potions
 k - a potion of invisibility {unknown}
 l - a potion of cancellation {unknown}
 o - a potion of lignification {unknown}
 s - a potion of resistance {unknown}
 t - a potion of brilliance
 u - a potion of flight {unknown}
Comestibles
 c - 2 bread rations
 q - a chunk of flesh
 r - a royal jelly
 v - 3 fruits


   Skills:
 * Level 4.8 Fighting
 + Level 6.0 Axes
 * Level 1.5 Armour
 + Level 2.9 Dodging
 - Level 1.5 Stealth


You had 4 spell levels left.
You didn't know any spells.

Dungeon Overview and Level Annotations

Branches:
Dungeon (3/15)

Altars:


Message History

You closely miss the orc wizard.
The orc wizard is heavily wounded.
The orc wizard hits you but does no damage.
You hit the orc wizard but do no damage.
The orc wizard is heavily wounded.
The orc wizard hits you but does no damage.
The orc wizard hits you with a dagger of flaming.
* * * LOW HITPOINT WARNING * * *
The orc wizard burns you.
* * * LOW HITPOINT WARNING * * *
You barely miss the orc wizard.
The orc wizard is heavily wounded.
The orc wizard hits you with a dagger of flaming.
* * * LOW HITPOINT WARNING * * *
The orc wizard burns you.
* * * LOW HITPOINT WARNING * * *
It was a potion of agility.
You feel agile all of a sudden.
The orc wizard hits you with a dagger of flaming.
You die...

.......# .....
......##.....
............
........... .......o..
.....o# #..o.o# #o##
#)@##+#####
##).......#######
#................
##................
#...####.........
##..# #.....<.... .
#..# #..........
....###..###..........
#....†.>.............
#..........#.........
#.......P..#.........


You could see an orc wizard.

Vanquished Creatures
  A centaur zombie (D:3)
  An orc wizard (D:3)
  A howler monkey zombie (D:3)
  An adder (D:2)
  2 oozes (D:1)
  2 worms (D:2)
  3 dart slugs
  5 leopard geckos
  2 orcs (D:3)
  8 bats
  4 giant cockroaches
  3 goblins
  6 hobgoblins
  2 jackals (D:2)
  A quokka (D:2)
  3 frilled lizards
  6 kobolds
  7 rats
58 creatures vanquished.

Notes
Turn   | Place    | Note
-------+----------+-------------------------------------------
     0 | D:1      | bli the Hill Orc Monk began the quest for the Orb.
     0 | D:1      | Reached XP level 1. HP: 19/19 MP: 1/1
    97 | D:1      | Reached XP level 2. HP: 27/27 MP: 2/2
   257 | D:1      | Reached XP level 3. HP: 25/33 MP: 3/3
   737 | D:1      | Reached skill level 5 in Axes
   926 | D:2      | Reached XP level 4. HP: 39/41 MP: 4/4
  1702 | D:3      | Reached XP level 5. HP: 23/47 MP: 5/5
  1704 | D:3      | Reached skill level 1 in Armour
  1748 | D:3      | Reached skill level 6 in Axes
  1754 | D:3      | Slain by an orc wizard

Skill      XL: |  1  2  3  4  5 |
---------------+----------------+-----
Fighting       | 4 |  4.8
Axes           | 5 6 |  6.0
Armour         | 1 |  1.5
Dodging        | |  2.9
Stealth        | |  1.5

Action                   |  1- 3 |  4- 6 || total
-------------------------+-------+-------++-------
Melee: Hand axe          |   109 |    94 ||   203
  Use: Potion            |       |     2 ||     2
 Stab: Sleeping          |     7 |     1 ||     8
  Eat: Chunk             |       |     3 ||     3
Armor: Robe              |    21 |       ||    21
       Leather armour    |     4 |    24 ||    28
Dodge: Dodged            |   104 |    77 ||   181
